 Dungeon Crawl Stone Soup version 0.30-a0-305-g026cb31310 (webtiles) character file.

Game seed: 10709519893796906983

784 LyinL the Fanfare of Bloodshed (level 7, -3/84 HPs)
             Began as a Demonspawn Delver on Oct 22, 2022.
             Was a Believer of Makhleb.
             Succumbed to Blork the orc's poison
             ... on level 6 of the Dungeon.
             The game lasted 00:15:19 (4285 turns).

LyinL the Fanfare of Bloodshed (Demonspawn Delver)  Turns: 4285, Time: 00:15:20

Health: -3/84      AC: 10    Str: 15    XL:     7   Next: 55%
Magic:  12/12      EV:  9    Int: 17    God:    Makhleb [**....]
Gold:   163        SH:  0    Dex: 14    Spells: 6/6 levels left

rFire   + . .      SeeInvis .    t - +0 mace
rCold   . . .      Faith    .    (no shield)
rNeg    . . .      Spirit   .    z - +0 scale mail
rPois   .          Reflect  .    q - +0 helmet
rElec   .          Harm     .    (no cloak)
rCorr   .          Rampage  .    k - +0 pair of gloves
Will    .....                    (no boots)
Stlth   ..........               a - amulet of the acrobat
HPRegen 0.34/turn                s - ring of protection from fire
MPRegen 0.13/turn                x - +6 ring of intelligence

@: brilliant, berserking, lethally poisoned (-3 -> -30), invisible, very quick
A: slimy green scales 1, demonic magic 1, weakness stinger 1
a: Renounce Religion, Minor Destruction


You were on level 6 of the Dungeon.
You worshipped Makhleb.
Makhleb was pleased with you.
You visited 2 branches of the dungeon, and saw 7 of its levels.

You collected 163 gold pieces.

Inventory:

Hand Weapons
 t - a +0 mace (weapon)
 u - a +2 dagger of venom
Armour
 k - a +0 pair of gloves (worn)
 q - a +0 helmet (worn)
 r - a +0 chain mail
 z - a +0 scale mail (worn)
Jewellery
 a - an amulet of the acrobat (around neck)
 s - a ring of protection from fire (left hand)
 x - a +6 ring of intelligence (right hand)
Wands
 g - a wand of digging (3)
 p - a wand of flame (18)
Scrolls
 b - a scroll of blinking {unknown}
 c - 2 scrolls of enchant armour {unknown}
 d - 3 scrolls of magic mapping
 j - 2 scrolls of vulnerability {unknown}
 m - 2 scrolls of teleportation {unknown}
 n - 5 scrolls of identify {unknown}
 o - a scroll of enchant weapon {unknown}
 v - 2 scrolls of amnesia {unknown}
 w - a scroll of brand weapon {unknown}
 y - a scroll of poison {unknown}
Potions
 f - a potion of attraction {unknown}
 i - a potion of heal wounds {unknown}


   Skills:
 + Level 5.2 Fighting
 - Level 1.7(2.3) Short Blades
 - Level 2.2(2.5) Long Blades
 + Level 2.1 Armour
 - Level 1.7 Dodging
 - Level 4.5 Stealth
 * Level 7.9 Invocations


You had 6 spell levels left.
You didn't know any spells.
Your spell library contained the following spells:

 Spells                   Type           Power      Damage    Failure   Level
 Vhi's Electric Charge    Tloc/Air       0%         N/A       95%         3
 Arcjolt                  Conj/Air       0%         1d10      100%        5
 Maxwell's Capacitive Co  Air            0%         ∞         100%        8


Dungeon Overview and Level Annotations

Branches:
Dungeon (6/15)             Temple (1/1) D:4

Altars:
Ashenzari
Cheibriados
Dithmenos
Fedhas
Gozag
Hepliaklqana
Makhleb
Nemelex Xobeh
Okawaru
Qazlal
Ru
Sif Muna
Trog
Vehumet
Wu Jian
Xom
Yredelemnul

Shops:
D:1 (:

Annotations:
D:6 Blork the orc


Innate Abilities, Weirdness & Mutations

You are partially covered in slimy green scales. (AC +2)
Spells you cast may paralyse adjacent enemies.
You have a small tail.


Message History

Blork the orc suddenly seems more resistant.
The zap misses Blork the orc.
Found a stone staircase leading up.
Blork the orc writhes in agony.
Blork the orc hits you but does no damage.
You are poisoned.
Blork the orc hits you from afar with a +0 glaive of venom!
You are more poisoned.
The stone arrow misses Blork the orc.
You feel very sick.
Blork the orc looks braver for a moment.
The zap misses Blork the orc.
You feel very sick. Blork the orc casts a spell at you.
The magic dart hits you!
Blork the orc hits you but does no damage.
You are more poisoned.
You are too injured to fight recklessly!
You don't know any spells.
Okay, then.
It was a potion of brilliance.
You feel clever all of a sudden.
You feel very sick.
Blork the orc hits you from afar with a +0 glaive of venom.
You are lethally poisoned!
It was a potion of invisibility.
You fade into invisibility!
* * * LOW HITPOINT WARNING * * *
You feel extremely sick. Blork the orc closely misses you.
Blork the orc hits you from afar with a +0 glaive of venom.
* * * LOW HITPOINT WARNING * * *
You are more poisoned.
* * * LOW HITPOINT WARNING * * *
You feel extremely sick.
Okay, then.
It was a potion of berserk rage.
A red film seems to cover your vision as you go berserk!
You feel yourself moving faster!
You feel mighty!
You die...

### #.##...[.....#
#.##.###.###.#
#+##.# #.# #.# #.#
#.###.## ..#
#......#
..######...#
...........o######
...............?...
.####.@..#####.#
##.#.# ###.# #.#
#.# #.[ #<


You could see Blork the orc (fast, resistant, unable to see you).

Vanquished Creatures
  An ice beast (D:5)
  A black bear (D:5)
  2 ogres (D:5)
  A necrophage (D:5)
  A scorpion (D:4)
  2 hounds
  An orc priest (D:5)
  2 iguanas (D:5)
  4 gnolls (D:4)
  5 adders
  An ufetubus (D:5)
  A worm (D:4)
  A dart slug (D:1)
  12 orcs
  4 ball pythons
  4 bats
  4 endoplasms (D:1)
  A giant cockroach (D:4)
  8 goblins
  5 hobgoblins
  4 jackals (D:2)
  A quokka (D:1)
  8 frilled lizards
  4 kobolds
  5 rats
83 creatures vanquished.

Notes
Turn   | Place    | Note
-------+----------+-------------------------------------------
     0 | D:5      | LyinL the Demonspawn Delver began the quest for the Orb.
     0 | D:5      | Reached XP level 1. HP: 18/18 MP: 1/1
    10 | D:5      | Noticed an orc priest
    18 | D:4      | Found a staircase to the Ecumenical Temple.
    25 | Temple   | Entered the Ecumenical Temple
   105 | Temple   | Became a worshipper of Makhleb the Destroyer
   160 | D:4      | Noticed a hound
   196 | D:1      | Found Qeibbel's Weapon Shop.
   217 | D:1      | Reached skill level 1 in Invocations
   399 | D:1      | Gained mutation: You have a small tail. [demonic ancestry]
   399 | D:1      | Reached XP level 2. HP: 16/24 MP: 3/3
   469 | D:1      | Reached skill level 2 in Invocations
   479 | D:1      | Found Anoxicwy's Book Boutique.
  1297 | D:2      | Reached skill level 3 in Invocations
  1297 | D:2      | Gained mutation: You are partially covered in slimy green
                  | scales. (AC +2) [demonic ancestry]
  1297 | D:2      | Reached XP level 3. HP: 29/29 MP: 5/5
  1346 | D:2      | Reached * piety under Makhleb
  1783 | D:2      | Found a faded altar of an unknown god.
  2062 | D:3      | Reached skill level 4 in Invocations
  2182 | D:3      | Reached XP level 4. HP: 37/37 MP: 7/7
  2686 | D:4      | Noticed a scorpion
  2702 | D:4      | Killed a scorpion
  2703 | D:4      | Reached skill level 5 in Invocations
  2703 | D:4      | Gained mutation: Spells you cast may paralyse adjacent
                  | enemies. [demonic ancestry]
  2703 | D:4      | Reached XP level 5. HP: 39/42 MP: 7/9
  2880 | D:4      | Reached skill level 6 in Invocations
  2880 | D:4      | Reached ** piety under Makhleb
  3400 | D:5      | Noticed an ice beast
  3429 | D:5      | Reached XP level 6. HP: 29/49 MP: 10/10
  3434 | D:5      | Killed an ice beast
  3457 | D:5      | Reached skill level 1 in Long Blades
  3457 | D:5      | Reached skill level 1 in Armour
  3479 | D:5      | Reached skill level 7 in Invocations
  3489 | D:5      | Reached XP level 7. HP: 15/55 MP: 12/12
  3720 | D:5      | Reached skill level 5 in Fighting
  3895 | D:5      | Found a stormy altar of Qazlal.
  4273 | D:6      | Noticed Blork the orc
  4284 | D:6      | HP: 2/56 [poisoned by Blork the orc]
  4285 | D:6      | Succumbed to Blork the orc's poison

Illustrated notes

Levels and vault maps discovered:
D:1:      minmay_arrival_stone_box, layout_basic, serial_shops,
          nicolae_shop_statue_plus, nicolae_shop_bloodbath_and_beyond
D:2:      layout_loops_ring, shapermc_ecumenical_altar_notcrosses, basic_altar,
          grunt_decor_cap, minmay_misc_feat_columns, minmay_pentomino_q2
D:3:      layout_loops_cross, minmay_misc_feat_more_columns
D:4:      layout_basic, minmay_temple_entry_slanted
D:5:      layout_cave_pools, mainiacjoe_overflow_alcove_2
D:6:      layout_loops_corners, jmf_multi_god_temple2, uniq_maggie,
          uniq_blork_the_orc, uniq_pikel
Temple:   compressed_dpeg_triangle_lava_temple

Skill      XL: |  1  2  3  4  5  6  7 |
---------------+----------------------+-----
Invocations    | 1 3 4 5 6 7 |  7.9
Fighting       | 4 5 |  5.2
Long Blades    | 1 2 |  2.2
Armour         | 1 2 |  2.1
Short Blades   | |  1.7
Dodging        | |  1.7
Stealth        | |  4.5

Action                   |  1- 3 |  4- 6 |  7- 9 || total
-------------------------+-------+-------+-------++-------
Melee: Short sword       |    86 |       |       ||    86
       Tailslap          |    10 |    19 |       ||    29
       Whip              |    41 |       |       ||    41
       Dagger            |     3 |   124 |       ||   127
       Punch             |       |     1 |       ||     1
Invok: Minor Destruction |       |     5 |    34 ||    39
  Use: Potion            |     2 |     5 |     3 ||    10
       Scroll            |     1 |     1 |       ||     2
 Stab: Sleeping          |    12 |     1 |       ||    13
       Distracted        |     1 |     1 |       ||     2
Armor: Leather armour    |    18 |       |       ||    18
       Ring mail         |     9 |    15 |       ||    24
       Scale mail        |       |    17 |     2 ||    19
Dodge: Dodged            |    78 |    61 |     4 ||   143

Table legend: (Time is in decaauts)
 A = Elapsed time spent in this place.
 B = Non-inter-level travel time spent in this place.
 C = Inter-level travel time spent in this place.
 D = Time resting spent in this place.
 E = Time spent auto-exploring this place.
 F = Levels seen in this place.
 G = Mean time per level.
                   A        B        C        D        E       F      G
               +--------+--------+--------+--------+--------+-----+--------+
         Total |   4209 |   4090 |    119 |     23 |   3016 |   7 |  601.3 |
       Dungeon |   4109 |   3990 |    119 |     23 |   2957 |   6 |  684.8 |
        Temple |     99 |     99 |      0 |      0 |     59 |   1 |   99.0 |
               +--------+--------+--------+--------+--------+-----+--------+

Top non-repeatable levels by time:
     D:1: 991 daAuts
     D:4: 916 daAuts
     D:5: 825 daAuts
     D:2: 691 daAuts
     D:3: 639 daAuts
  Temple: 99 daAuts
     D:6: 45 daAuts
